Cogmind - Beta 12 @@@ ROGUE MODE // 2023.04.27 @ 15:34:24 Player: Exp. Geonium Core Result: Destroyed by S-43 Plague with Heavy Machine Gun Performance ------------- Evolutions (7) 3500 Regions Visited (28) 5600 Robots Destroyed (180) 900 Value Destroyed (12219) 12219 Prototype IDs (34) 680 Alien Tech Used (0) 0 Bonus (12829) 12829 TOTAL SCORE: 35728 Bonus ------- High Alert Combat Kills 783 Follower Combat Kills 6670 Entered Garrisons 1800 Used RIF Installer 5000 Aligned with FarCom 300 Friendly Fire -1724 Cogmind --------- Core Integrity 0/1300 Matter 300/300 Energy 100/100 System Corruption 4% Temperature Warm (175) Movement Core (50) Location -3/Garrison Parts ------- > --- POWER (1) -------- (None) > --- PROPULSION (2) --- (None) > --- UTILITY (16) ----- Advanced Target Analyzer Advanced Target Analyzer Relay Coupler [Brawler] (14) Relay Coupler [Sentry] (20) Relay Coupler [Proto] (10) Relay Coupler [Proto] (10) > --- WEAPON (2) ------- (None) > --- INVENTORY (5) ---- Relay Coupler [Brawler] (25) Relay Coupler [Demolisher] (20) Relay Coupler [Proto] (10) Advanced Remote Datajack Advanced Remote Datajack Peak State ------------ > --- POWER ------------ Improved Quantum Reactor > --- PROPULSION ------- Biometal Heavy Treads > --- UTILITY ---------- Experimental Heat Sink High-capacity Storage Unit Heavy Reflective Plating Relay Coupler [Swarmer] Relay Coupler [Swarmer] Relay Coupler [Grunt] Relay Coupler [Brawler] Relay Coupler [Duelist] Relay Coupler [Duelist] Relay Coupler [Sentry] Relay Coupler [Sentry] Relay Coupler [Specialist] Relay Coupler [Specialist] Relay Coupler [Hunter] Relay Coupler [Proto] > --- WEAPON ----------- Enhanced Nova Cannon Advanced Remote Datajack > --- INVENTORY -------- Antimatter Reactor Biometal Heavy Treads Relay Coupler [Swarmer] Relay Coupler [Brawler] Relay Coupler [Sentry] Relay Coupler [Sentry] Relay Coupler [Sentry] Relay Coupler [Heavy] Relay Coupler [Proto] Relay Coupler [Proto] Relay Coupler [Proto] Relay Coupler [Proto] Relay Coupler [Proto] Relay Coupler [Proto] Chronowheel Fusion Bomb Launcher Advanced Remote Datajack Advanced Remote Datajack [Rating: 127] Favorites ----------- Power Quantum Reactor Engine Ion Engine Power Core Light Nuclear Core Reactor Quantum Reactor Propulsion Light Treads Treads Light Treads Leg Advanced Myomer Leg Hover Unit Improved Antigrav System Flight Unit Xenon Bombardment Thruster Utility High-capacity Storage Unit Device Experimental Heat Sink Storage High-capacity Storage Unit Processor Advanced Visual Processing Unit Hackware Relay Coupler [Grunt] Protection Damper Plating Weapon Advanced Remote Datajack Energy Gun Shock Rifle Energy Cannon Enhanced Nova Cannon Ballistic Gun Enhanced Autogun Ballistic Cannon Heavy Mass Driver Launcher Mini Grenade Launcher Special Weapon Advanced Remote Datajack Impact Weapon Heavy Flail Slashing Weapon Great Axe Special Melee Weapon Improved Datajack Build | -11 -10 -10 -9 -9 -9 -8 -8 -8 -7 -7 -7 -7 -7 -7 -6 -6 -5 -5 -5 -5 -4 -4 -4 -4 -3 -3 -3 -3 ------- Run | Jun Mat Min Mat Min Exi Min Mat Gar Fac Was Fac Gar Fac Gar Fac Gar Fac Gar Fac Gar Fac Was Fac Gar Res Gar Res Gar Slots Evolved 14 | . . . 2 . . . 2 . 2 . . . . . 2 . 2 . . . 2 . . . 2 . . . Power . | . . . . . . . . . . . . . . . . . . . . . . . . . . . . . Propulsion . | . . . . . . . . . . . . . . . . . . . . . . . . . . . . . Utility 14 | . . . 2 . . . 2 . 2 . . . . . 2 . 2 . . . 2 . . . 2 . . . Weapon . | . . . . . . . . . . . . . . . . . . . . . . . . . . . . . Parts Attached 251 | . 2 1 19 3 13 . 15 16 8 8 2 27 . 12 5 9 4 27 3 11 2 . . 9 . 23 1 31 Power 21 | . . 1 1 . 1 . . 1 1 1 . 2 . 2 . 1 1 3 . . 1 . . . . 2 . 3 Engine 3 | . . . 1 . . . . . 1 . . 1 . . . . . . . . . . . . . . . . Core 9 | . . 1 . . 1 . . 1 . . . 1 . . . 1 1 2 . . . . . . . 1 . . Reactor 9 | . . . . . . . . . . 1 . . . 2 . . . 1 . . 1 . . . . 1 . 3 Propulsion 34 | . . . 2 1 2 . 2 4 1 2 . 8 . 2 . . . 3 . . . . . 2 . . . 5 Treads 20 | . . . 2 1 . . . 4 1 2 . 2 . 2 . . . 3 . . . . . 2 . . . 1 Leg 9 | . . . . . 2 . 2 . . . . 5 . . . . . . . . . . . . . . . . Wheel . | . . . . . . . . . . . . . . . . . . . . . . . . . . . . . Hover 3 | . . . . . . . . . . . . 1 . . . . . . . . . . . . . . . 2 Flight 2 | . . . . . . . . . . . . . . . . . . . . . . . . . . . . 2 Utility 123 | . 2 . 4 . 8 . 4 6 4 3 1 6 . 8 3 7 2 14 1 7 1 . . 6 . 20 1 15 Device 23 | . 1 . . . 4 . 2 . 1 . . 1 . . . 2 1 2 1 . . . . . . 5 . 3 Storage 4 | . 1 . . . 1 . . 1 . . . . . . . . . . . . . . . . . . 1 . Processor 9 | . . . 1 . 1 . 1 1 1 . . 1 . . 1 . . . . . . . . . . . . 2 Hackware 74 | . . . . . 1 . 1 3 1 2 1 4 . 8 2 4 1 9 . 7 . . . 6 . 14 . 10 Protection 13 | . . . 3 . 1 . . 1 1 1 . . . . . 1 . 3 . . 1 . . . . 1 . . Artifact . | . . . . . . . . . . . . . . . . . . . . . . . . . . . . . Weapon 73 | . . . 12 2 2 . 9 5 2 2 1 11 . . 2 1 1 7 2 4 . . . 1 . 1 . 8 Energy Gun 6 | . . . 3 . . . . . . . . 2 . . . . . . . . . . . . . . . 1 Energy Cannon 10 | . . . 2 . . . . . . . . . . . 2 . . 1 1 2 . . . . . 1 . 1 Ballistic Gun 18 | . . . 5 1 2 . 4 2 . . 1 . . . . . . 2 . . . . . . . . . 1 Ballistic Cannon 4 | . . . . . . . . . . . . 3 . . . . . . . . . . . . . . . 1 Launcher 14 | . . . 2 1 . . 4 . 1 . . 2 . . . . . . 1 2 . . . . . . . 1 Special Weapon 13 | . . . . . . . . . 1 1 . 3 . . . . 1 3 . . . . . 1 . . . 3 Impact Weapon 1 | . . . . . . . 1 . . . . . . . . . . . . . . . . . . . . . Slashing Weapon 4 | . . . . . . . . 2 . 1 . 1 . . . . . . . . . . . . . . . . Piercing Weapon . | . . . . . . . . . . . . . . . . . . . . . . . . . . . . . Special Melee Weapon 3 | . . . . . . . . 1 . . . . . . . 1 . 1 . . . . . . . . . . Unidentified Prototypes 11 | . . . 2 . 4 . . . 1 . . 1 . . . . 1 . . . . . . . . 2 . . Corrupted Parts 1 | . . . . . . . . . . . . . . 1 . . . . . . . . . . . . . . System Corruption 9 | . . . . . . . . . . . . . . 9 . . . . . . . . . . . . . . Parts Lost 73 | . . . 4 . 6 . 7 4 2 . 1 9 . 2 . 3 . 3 . 2 1 . . . . 3 . 26 Power 10 | . . . . . 1 . . 1 . . . 3 . 1 . 1 . . . . 1 . . . . 1 . 1 Propulsion 12 | . . . . . 1 . 2 2 . . . 3 . . . . . . . . . . . . . . . 4 Utility 32 | . . . 1 . 4 . 1 . 1 . 1 1 . . . 1 . 1 . 2 . . . . . 2 . 17 Weapon 19 | . . . 3 . . . 4 1 1 . . 2 . 1 . 1 . 2 . . . . . . . . . 4 Highest Loss Streak 11 | . . . 2 . 4 . 4 2 1 . 1 4 . 1 . 1 . 1 . 2 1 . . . . 1 . 11 To Critical Strikes 1 | . . . . . 1 . . . . . . . . . . . . . . . . . . . . . . . Average Slot Usage (%) 90 | . 98 100 96 100 89 100 91 97 97 95 86 89 100 97 85 92 93 88 94 91 78 78 78 77 71 82 90 83 Engine 1 | . 14 2 6 11 4 . . . 3 4 . 1 7 . . . . . . . . . . . . . . . Core 2 | . . 11 4 . 5 11 9 8 3 . . 1 . . . . 5 3 . . . . . . . . . . Reactor 2 | . . . . . . . . . . 2 7 3 . 6 6 5 . 1 5 5 4 5 5 5 4 3 4 3 Treads 7 | . . . 12 22 10 . . 16 14 10 7 5 15 13 6 6 5 5 5 5 5 5 5 5 4 4 4 3 Leg 2 | . 28 28 9 . 11 22 16 1 . . . 4 . . . . . . . . . . . . . . . . Device 5 | . 12 14 11 11 3 11 11 9 6 7 7 2 . . . 8 10 10 11 8 3 . . . . . 4 4 Storage 6 | . 14 14 11 11 11 11 9 8 7 7 7 7 7 7 6 6 5 5 5 5 5 5 5 5 4 4 4 3 Processor 6 | . . . 8 11 14 11 16 12 12 7 7 7 7 . 3 6 5 5 5 5 5 5 5 5 4 1 . 3 Hackware 33 | . . . . . . 11 13 23 29 30 25 36 46 51 48 37 40 38 41 43 43 42 42 41 38 53 57 53 Protection 3 | . . . 10 11 4 . . . 1 7 7 3 . . . 5 5 4 5 2 1 5 5 5 4 2 4 1 Energy Cannon 2 | . . . 4 . . . . . . . . . . . 5 6 5 3 5 4 5 5 5 5 4 4 4 1 Ballistic Gun 4 | . 28 28 10 22 21 22 10 7 6 . 7 2 . . . . . . . . . . . . . . . . Special Weapon 2 | . . . . . . . . . . 2 . 1 7 7 6 5 1 4 5 5 5 5 5 5 4 4 4 2 Slashing Weapon 1 | . . . . . . . . 8 7 4 7 2 . . . . . . . . . . . . . . . . Naked Turns . | . . . . . . . . . . . . . . . . . . . . . . . . . . . . . Heaviest Build 123 | 12 28 30 43 35 70 70 70 71 62 69 71 84 56 62 69 78 76 113 87 87 123 123 123 123 123 123 90 90 Greatest Support 75 | 20 20 20 40 48 72 72 72 40 40 70 70 70 40 75 75 75 75 75 75 75 75 75 75 75 75 75 75 75 Greatest Overweight (x) 20 | . 1 1 2 . 1 . 20 3 1 1 1 19 1 1 . 1 1 1 1 1 1 1 1 1 1 1 1 2 Average Overweight (x) . | . . 1 . . . . 1 1 1 . 1 1 1 . . . . . 1 . . 1 1 1 1 . 1 . Largest Inventory Capacity 20 | . 15 15 15 15 20 20 20 20 20 20 20 20 20 20 20 20 20 20 20 20 20 20 20 20 20 20 20 20 Average Capacity 19 | . 14 15 15 15 16 20 20 19 20 20 20 20 20 20 20 20 20 20 20 20 20 20 20 20 20 20 20 17 Most Carried 20 | . 10 13 15 15 20 20 20 20 20 20 20 20 20 20 20 20 20 20 20 20 19 15 17 20 20 20 20 20 Average Carried 18 | . 8 12 13 14 12 20 18 18 19 18 20 19 20 19 18 18 19 19 20 19 17 14 16 19 20 19 20 16 Final Capacity 20 | 8 15 15 15 15 20 20 20 20 20 20 20 20 20 20 20 20 20 20 20 20 20 20 20 20 20 20 20 5 Final Carried 20 | 6 10 13 15 15 20 20 18 20 20 20 20 20 20 18 18 20 20 20 20 19 14 15 17 20 20 20 20 5 Class Distribution -------------------- 49% | Botlord-Mutant 24% | Bothacker-Mutant 13% | Scavenger-Mutant 12% | Mutant Dominant Class ---------------- Mutant | -10/Materials Mutant | -10/Mines Mutant | -9/Materials Mutant | -9/Mines Scavenger-Mutant | -9/Exiles Scavenger-Mutant | -8/Mines Scavenger-Mutant | -8/Materials Scavenger-Mutant | -8/Garrison Bothacker-Mutant | -7/Factory Bothacker-Mutant | -7/Waste Bothacker-Mutant | -7/Factory Bothacker-Mutant | -7/Garrison Bothacker-Mutant | -7/Factory Bothacker-Mutant | -7/Garrison Botlord-Mutant | -6/Factory Botlord-Mutant | -6/Garrison Botlord-Mutant | -5/Factory Botlord-Mutant | -5/Garrison Botlord-Mutant | -5/Factory Botlord-Mutant | -5/Garrison Botlord-Mutant | -4/Factory Botlord-Mutant | -4/Waste Botlord-Mutant | -4/Factory Botlord-Mutant | -4/Garrison Botlord-Mutant | -3/Research Botlord-Mutant | -3/Garrison Botlord-Mutant | -3/Research Botlord-Mutant | -3/Garrison Resources | -11 -10 -10 -9 -9 -9 -8 -8 -8 -7 -7 -7 -7 -7 -7 -6 -6 -5 -5 -5 -5 -4 -4 -4 -4 -3 -3 -3 -3 ----------- Run | Jun Mat Min Mat Min Exi Min Mat Gar Fac Was Fac Gar Fac Gar Fac Gar Fac Gar Fac Gar Fac Was Fac Gar Res Gar Res Gar Matter Collected 6690 | 200 . 91 166 577 812 188 313 267 75 205 30 604 . 250 . 402 . 494 . 242 117 196 40 200 . 497 . 724 Remotely . | . . . . . . . . . . . . . . . . . . . . . . . . . . . . . Salvage Created 7295 | . 34 101 623 189 491 303 782 105 393 86 . 379 . 170 . 256 . 687 139 302 64 1109 . . . 431 . 651 Parts 390 | . 3 7 44 17 60 10 51 9 12 7 . 19 . 5 . 13 . 28 4 21 8 17 . . . 14 . 41 Haulers Intercepted 3 | . . . 3 . . . . . . . . . . . . . . . . . . . . . . . . . Recyclers Shooed 3 | . . . 2 . . 1 . . . . . . . . . . . . . . . . . . . . . . Parts Field Recycled . | . . . . . . . . . . . . . . . . . . . . . . . . . . . . . Retrieved Matter . | . . . . . . . . . . . . . . . . . . . . . . . . . . . . . Parts Self-Destructed . | . . . . . . . . . . . . . . . . . . . . . . . . . . . . . Prevented . | . . . . . . . . . . . . . . . . . . . . . . . . . . . . . Kills | -11 -10 -10 -9 -9 -9 -8 -8 -8 -7 -7 -7 -7 -7 -7 -6 -6 -5 -5 -5 -5 -4 -4 -4 -4 -3 -3 -3 -3 ------- Run | Jun Mat Min Mat Min Exi Min Mat Gar Fac Was Fac Gar Fac Gar Fac Gar Fac Gar Fac Gar Fac Was Fac Gar Res Gar Res Gar Combat Hostiles Destroyed 145 | . . 2 18 11 4 4 21 2 9 . . 13 . 1 . 6 . 7 3 20 . 4 . . . 6 . 14 Melee 6 | . . . . . . . . 1 4 . . 1 . . . . . . . . . . . . . . . . Guns 31 | . . 2 2 4 4 4 8 1 . . . 2 . 1 . . . 2 . . . . . . . . . 1 Cannons 40 | . . . . . . . . . . . . 7 . . . 6 . 5 . 4 . 4 . . . 5 . 9 AOE 65 | . . . 16 7 . . 13 . 5 . . 3 . . . . . . 2 16 . . . . . . . 3 Classes Destroyed 21 | . 1 1 6 . 3 . 1 . 1 1 . 2 . . . . . 2 . . 1 1 . . . 1 . . Worker 8 | . . . 3 . . . 5 . . . . . . . . . . . . . . . . . . . . . Builder 1 | . . . . . . . . . . . . . . . . . . . . . 1 . . . . . . . Hauler 3 | . . . 3 . . . . . . . . . . . . . . . . . . . . . . . . . Recycler 4 | . . . 2 . . 1 . . 1 . . . . . . . . . . . . . . . . . . . Mechanic 3 | . 1 . 1 . . . 1 . . . . . . . . . . . . . . . . . . . . . Operator 2 | . . . 1 . . . 1 . . . . . . . . . . . . . . . . . . . . . Turret 1 | . . . . . 1 . . . . . . . . . . . . . . . . . . . . . . . Watcher 1 | . . . . . . . 1 . . . . . . . . . . . . . . . . . . . . . Swarmer 44 | . . . 7 7 . . 9 . 3 . . . . . . 1 . . . 15 . . . . . . . 2 Cutter 6 | . . . . . . . . . . . . 3 . . . . . . . . . . . . . . . 3 Grunt 51 | . . 2 8 4 . 4 9 . 5 . . 7 . 1 . 1 . 1 3 1 1 . . . . . . 4 Duelist 1 | . . . . . . . . . . . . . . . . . . 1 . . . . . . . . . . Sentry 15 | . . . 3 . . . 3 2 . . . 2 . . . 2 . 2 . 1 . . . . . . . . Demolisher 2 | . . . . . . . . . . . . . . . . . . 2 . . . . . . . . . . Specialist 1 | . . . . . . . . . . . . 1 . . . . . . . . . . . . . . . . Hunter 1 | . . . . . . . . . . . . . . . . . . . . . . . . . . 1 . . Programmer 15 | . . . . . . . . . 1 . . 1 . . . 2 . 1 . 2 . . . . . 3 . 5 Behemoth 4 | . . . . . . . . . . . . . . . . . . 1 . 1 . . . . . 2 . . Compactor 4 | . . . . . . . . . . . . . . . . . . . . . . 4 . . . . . . Zionite 8 | . . . . . 8 . . . . . . . . . . . . . . . . . . . . . . . Assembled 3 | . . . . . 3 . . . . . . . . . . . . . . . . . . . . . . . Martyr 2 | . . . . . . . . . . 2 . . . . . . . . . . . . . . . . . . Best Kill Streak 18 | . 1 2 17 9 11 3 11 1 5 . . 4 . 1 . 2 . 4 3 18 1 2 . . . 3 . 4 Combat Bots Only 18 | . . 2 10 9 3 2 6 1 5 . . 4 . 1 . 2 . 4 3 18 . 2 . . . 3 . 4 Max Kills in Single Turn 7 | . 1 1 3 5 1 1 7 1 4 1 . 1 . 1 . 1 . 1 2 7 1 1 . . . 1 . 1 Gunslinging . | . . . . . . . . . . . . . . . . . . . . . . . . . . . . . Exploded 7 | . . . 3 5 . . 3 . 4 . . 1 . . . . . . 2 7 . . . . . . . 1 Melee 1 | . . . . . . . . 1 1 . . 1 . . . . . . . . . . . . . . . . Uniques/NPCs Destroyed 4 | . . . . . 4 . . . . . . . . . . . . . . . . . . . . . . . 8R-AWN (-9/Exiles) EX-BIN (-9/Exiles) EX-DEC (-9/Exiles) EX-HEX (-9/Exiles) Combat | -11 -10 -10 -9 -9 -9 -8 -8 -8 -7 -7 -7 -7 -7 -7 -6 -6 -5 -5 -5 -5 -4 -4 -4 -4 -3 -3 -3 -3 -------- Run | Jun Mat Min Mat Min Exi Min Mat Gar Fac Was Fac Gar Fac Gar Fac Gar Fac Gar Fac Gar Fac Was Fac Gar Res Gar Res Gar Damage Taken 16311 | . . 222 620 120 943 419 1370 511 509 32 107 2408 . 358 34 591 . 1169 139 758 107 . 39 522 . 1206 45 4082 Core 3185 | . . 25 122 10 141 65 351 101 72 . 15 540 . 18 . 42 . 213 15 104 17 . . 28 . 155 . 1151 Absorbed by Shields 2438 | . . . . . 100 . . . . . . 7 . . . 168 . 588 50 311 . . . 59 . 111 . 1044 Reduced by Siege Mode 148 | . . . . . . . . . . . . . . . . . . . . 23 . . . . . . . 125 Regen/Repaired (Parts) 807 | . . . . . . . . . 204 28 . 424 . . . . . . . . . 120 . . . . 31 . Core Remaining (%) 60 | 100 . 90 . . . 15 . 17 . . . . . 7 . 95 . . . 66 . . . 96 . . . . Volleys Fired 705 | . 2 8 38 15 81 19 54 4 3 13 . 57 2 29 2 46 3 74 13 42 8 18 4 17 . 50 8 95 Largest 2 | . 2 2 2 2 2 2 2 1 1 1 . 1 1 1 1 1 1 2 1 1 1 1 1 1 . 1 1 1 Hottest 120 | . 40 40 91 50 55 55 55 23 30 5 . 75 50 50 5 90 7 120 120 120 120 120 10 120 . 120 120 120 Shots Fired 862 | . 4 16 54 27 161 38 68 4 3 14 . 57 2 31 2 46 3 77 13 43 8 18 4 17 . 50 8 94 Gun 390 | . 4 16 35 24 161 38 60 4 . . . 15 1 15 . . . 9 . . . . . . . . . 8 Cannon 260 | . . . 3 . . . . . . . . 27 . . . 31 . 49 8 29 3 10 . 6 . 22 2 70 Launcher 52 | . . . 16 3 . . 8 . 3 1 . 8 . . . . . . 1 9 . . . . . . . 3 Special 160 | . . . . . . . . . . 13 . 7 1 16 2 15 3 19 4 5 5 8 4 11 . 28 6 13 Kinetic 393 | . 4 16 16 24 161 38 60 4 . . . 36 . . . . . 9 . . . . . . . . . 25 Thermal 225 | . . . 7 . . . . . . . . 5 . . . 31 . 49 8 29 3 10 . 6 . 22 2 53 Explosive 52 | . . . 16 3 . . 8 . 3 1 . 8 . . . . . . 1 9 . . . . . . . 3 Electromagnetic 32 | . . . 15 . . . . . . . . 1 1 15 . . . . . . . . . . . . . . Robot Hit Streak 23 | . 1 6 23 9 13 4 10 3 2 5 . 7 1 11 13 14 2 16 4 7 4 7 3 15 . 10 8 12 Robot Miss Streak 8 | . 1 1 1 1 5 8 2 2 1 2 . 5 1 2 . 3 1 2 1 3 2 1 1 1 . 2 1 4 Penetration Max 1 | . . . . . . . 1 . . . . . . . . . . . . . . . . . . . . . Secondary Targets 2 | . . 1 . . . 1 . . . . . . . . . . . . . . . . . . . . . . Max Gunslinging Chain 1 | . . 1 . . . 1 . . . . . . . . . . . . . . . . . . . . . . Shots Hit Robots 608 | . 2 10 38 22 102 18 50 9 15 19 1 33 1 23 2 26 2 68 8 27 4 15 3 12 . 35 5 58 Core Hits 308 | . 1 5 48 15 39 9 50 3 10 11 . 22 . 5 . 6 . 24 4 23 1 4 . 1 . 6 . 21 Critical Kills 8 | . . . . . 4 1 . . . . . . . . . . . . 1 . . . . . . 1 . 1 Critical Parts Destroyed 12 | . . . . . 4 6 2 . . . . . . . . . . . . . . . . . . . . . Critical Strikes 32 | . . . . . 8 7 2 2 1 1 . 2 . 1 . . . . 1 . . . . . . 1 . 6 Burn 1 | . . . . . . . . . . . . . . . . . . . . . . . . . . . . 1 Meltdown 3 | . . . . . . . . . . . . . . . . . . . 1 . . . . . . 1 . 1 Destroy 17 | . . . . . 8 7 2 . . . . . . . . . . . . . . . . . . . . . Blast 6 | . . . . . . . . . . . . 2 . . . . . . . . . . . . . . . 4 Corrupt 1 | . . . . . . . . . . . . . . 1 . . . . . . . . . . . . . . Sever 4 | . . . . . . . . 2 1 1 . . . . . . . . . . . . . . . . . . Melee Attacks 96 | . . . . . . . 2 35 23 10 3 14 . . . 1 . 8 . . . . . . . . . . Impact 2 | . . . . . . . 2 . . . . . . . . . . . . . . . . . . . . . Slashing 82 | . . . . . . . . 32 23 10 3 14 . . . . . . . . . . . . . . . . Piercing . | . . . . . . . . . . . . . . . . . . . . . . . . . . . . . Sneak Attacks 17 | . . . . . . . . . 2 10 1 . . . . . . 4 . . . . . . . . . . Combat Hostiles 7 | . . . . . . . . . . 6 . . . . . . . 1 . . . . . . . . . . Follow-up Attacks . | . . . . . . . . . . . . . . . . . . . . . . . . . . . . . Damage Inflicted 20690 | . 27 129 2182 919 1767 403 1804 226 980 772 63 1712 . 358 . 566 . 1568 426 2911 128 377 . 87 . 715 . 2570 Guns 4383 | . 27 129 383 363 1767 403 792 28 . . . 133 . 159 . . . 135 . . . . . . . . . 64 Cannons 7563 | . . . 61 . . . . . . . . 1190 . . . 540 . 1413 170 722 128 377 . 87 . 705 . 2170 Explosions 7259 | . . . 1734 556 . . 997 . 409 234 . 349 . 199 . . . . 256 2189 . . . . . . . 336 Melee 1410 | . . . . . . . . 198 571 538 63 40 . . . . . . . . . . . . . . . . Ramming 75 | . . . 4 . . . 15 . . . . . . . . 26 . 20 . . . . . . . 10 . . Kinetic 5925 | . 27 129 102 363 1767 403 792 28 . . . 1276 . . . . . 135 . . . . . . . . . 903 Thermal 5861 | . . . 142 . . . . . . . . 47 . 199 . 540 . 1413 170 722 128 377 . 87 . 705 . 1331 Explosive 7020 | . . . 1694 556 . . 997 . 409 234 . 349 . . . . . . 256 2189 . . . . . . . 336 Electromagnetic 399 | . . . 240 . . . . . . . . . . 159 . . . . . . . . . . . . . . Impact . | . . . . . . . . . . . . . . . . . . . . . . . . . . . . . Slashing 1410 | . . . . . . . . 198 571 538 63 40 . . . . . . . . . . . . . . . . Piercing . | . . . . . . . . . . . . . . . . . . . . . . . . . . . . . Highest Corruption 13 | . . . . . . . . . 2 2 3 4 4 13 . 2 . . 1 1 . . . . . . . 4 Average Corruption 2 | . . . . . . . . . 1 2 2 3 4 5 . 1 . . 1 1 . . . . . . . 3 Corruption Purged . | . . . . . . . . . . . . . . . . . . . . . . . . . . . . . Corruption Blocked . | . . . . . . . . . . . . . . . . . . . . . . . . . . . . . Effects 118 | . . . . . . . . . . 14 5 28 1 37 . 6 . . . 9 . . . . . . . 18 Message Errors 24 | . . . . . . . . . . 2 2 6 . 8 . 2 . . . 2 . . . . . . . 2 Matter Fused 28 | . . . . . . . . . . 4 1 8 . 11 . 1 . . . . . . . . . . . 3 Heat Flow Errors 10 | . . . . . . . . . . 1 . 2 . 4 . 1 . . . 1 . . . . . . . 1 Energy Discharges 13 | . . . . . . . . . . . . 3 . 3 . 1 . . . 2 . . . . . . . 4 Parts Rejected 2 | . . . . . . . . . . . . 1 . 1 . . . . . . . . . . . . . . Parts Fused 2 | . . . . . . . . . . . . . 1 1 . . . . . . . . . . . . . . Data Loss (minor) 18 | . . . . . . . . . . 5 1 3 . 4 . 1 . . . 1 . . . . . . . 3 Data Loss (major) 12 | . . . . . . . . . . 1 . 4 . 3 . . . . . 2 . . . . . . . 2 Misfires 5 | . . . . . . . . . . 1 . . . 2 . . . . . 1 . . . . . . . 1 Alerts 2 | . . . . . . . . . . . 1 1 . . . . . . . . . . . . . . . . Weapon Failures 2 | . . . . . . . . . . . . . . . . . . . . . . . . . . . . 2 Overload Shots . | . . . . . . . . . . . . . . . . . . . . . . . . . . . . . Overflow Damage 690 | . . . 54 46 . . 25 . 84 40 . 52 . 18 . 24 . 21 1 268 11 . . . . 30 . 16 Projectiles 143 | . . . . . . . . . . . . 37 . . . 24 . 21 1 19 11 . . . . 30 . . Explosions 473 | . . . 54 46 . . 25 . 42 8 . 15 . 18 . . . . . 249 . . . . . . . 16 Melee 74 | . . . . . . . . . 42 32 . . . . . . . . . . . . . . . . . . Knockbacks 7 | . . . . . . . . . . . . 4 . . . . . . . . . . . . . . . 3 Impact . | . . . . . . . . . . . . . . . . . . . . . . . . . . . . . Kinetic 7 | . . . . . . . . . . . . 4 . . . . . . . . . . . . . . . 3 Secondary . | . . . . . . . . . . . . . . . . . . . . . . . . . . . . . Self-Inflicted Damage 565 | . . . 39 . . . 165 . . 29 . 102 . 47 . . . . . . . . . . . . . 183 Shots 16 | . . . 2 . . . 5 . . 1 . 4 . 1 . . . . . . . . . . . . . 3 Rammed 14 | . . . 2 . . . . . . . . . . . . 4 . 4 . . . . 1 . . 3 . . Targets Rammed 19 | . . . 2 . . . 5 . . . . . . . . 4 . 4 . . . . 1 . . 3 . . Kicked 5 | . . . . . . . 5 . . . . . . . . . . . . . . . . . . . . . Crushed . | . . . . . . . . . . . . . . . . . . . . . . . . . . . . . Highest Temperature 336 | . . 23 171 85 104 206 44 . . 249 . 201 . 274 . 266 . 149 80 100 . 336 . 168 . 234 . 229 Average Temperature 67 | . . 10 52 36 45 97 18 . . 131 . 106 . 117 . 67 . 29 36 37 . 134 . 58 . 72 . 99 Received Heat Transfer 3443 | . . 165 210 57 80 225 531 135 171 . 45 741 . 123 6 69 . 139 74 157 . . 9 69 . 67 33 337 Effects 1 | . . . . . . . . . . . . . . . . . . . . . . 1 . . . . . . Energy Bleed 1 | . . . . . . . . . . . . . . . . . . . . . . 1 . . . . . . Siege Activations 8 | . . . . . . . . . . . . . . . . . . . . 1 . . . . . 1 . 6 Total Turns 74 | . . . . . . . . . . . . . . . . . . . . 9 . . . . . 8 . 57 Longest Duration 18 | . . . . . . . . . . . . . . . . . . . . 9 . . . . . 8 . 18 Robots Corrupted 1 | . . . . . . . . . . . . . . 1 . . . . . . . . . . . . . . Combat Hostiles . | . . . . . . . . . . . . . . . . . . . . . . . . . . . . . Parts Fried 4 | . . . 3 . . . . . . . . . . 1 . . . . . . . . . . . . . . Impact Corruptions . | . . . . . . . . . . . . . . . . . . . . . . . . . . . . . Robots Melted 3 | . . . . . . . . . . . . . . . . . . . 1 . . . . . . 1 . 1 Combat Hostiles 3 | . . . . . . . . . . . . . . . . . . . 1 . . . . . . 1 . 1 Parts Melted 17 | . . . . . . . . . 1 . . . . . . 3 . 7 . 1 . . . . . 3 . 2 Heat Transferred 6461 | . . . 261 . . . . . . . . 111 . 250 . 750 . 1972 148 629 111 333 . 74 . 536 . 1286 Parts Sabotaged . | . . . . . . . . . . . . . . . . . . . . . . . . . . . . . Parts Stolen . | . . . . . . . . . . . . . . . . . . . . . . . . . . . . . Parts Stripped . | . . . . . . . . . . . . . . . . . . . . . . . . . . . . . Power Chain Reactions 2 | . . . 1 . . . . . . . . . . 1 . . . . . . . . . . . . . . Missiles Intercepted . | . . . . . . . . . . . . . . . . . . . . . . . . . . . . . Alert | -11 -10 -10 -9 -9 -9 -8 -8 -8 -7 -7 -7 -7 -7 -7 -6 -6 -5 -5 -5 -5 -4 -4 -4 -4 -3 -3 -3 -3 ------- Run | Jun Mat Min Mat Min Exi Min Mat Gar Fac Was Fac Gar Fac Gar Fac Gar Fac Gar Fac Gar Fac Was Fac Gar Res Gar Res Gar Peak Influence 989 | . 20 57 604 479 . 185 499 903 556 136 274 917 508 784 431 841 453 855 570 989 637 224 180 985 553 646 330 331 Initial 553 | . . 7 . 180 . . 72 296 473 136 2 121 480 355 411 301 441 212 448 399 518 222 16 118 553 414 306 81 Average 416 | . 8 41 417 396 . 124 298 578 423 69 122 480 497 569 419 542 405 505 487 705 600 194 125 613 553 480 301 162 Maximum Alert Level 3 | . . . 2 2 . . 2 3 2 . 1 3 2 3 2 3 2 3 2 3 2 1 . 3 2 2 1 1 Low Security (%) 20 | . 100 100 11 4 . 100 18 . . 100 63 11 . . . . . 3 . . . 14 100 5 . . 8 69 Level 1 26 | . . . 5 23 . . 52 31 59 . 36 40 . 15 . 42 26 42 . 9 . 85 . 18 . 6 91 30 Level 2 40 | . . . 82 71 . . 29 33 40 . . 24 100 77 100 23 73 26 100 37 100 . . 37 100 93 . . Level 3 13 | . . . . . . . . 35 . . . 23 . 6 . 33 . 27 . 53 . . . 38 . . . . Level 4 . | . . . . . . . . . . . . . . . . . . . . . . . . . . . . . Level 5 . | . . . . . . . . . . . . . . . . . . . . . . . . . . . . . High Security . | . . . . . . . . . . . . . . . . . . . . . . . . . . . . . Max Security . | . . . . . . . . . . . . . . . . . . . . . . . . . . . . . Squads Dispatched 15 | . . . 3 1 . . 2 . 3 . 2 . . . . . 1 . 1 . . . 1 . . . 1 . Investigation 4 | . . . . 1 . . . . 1 . 1 . . . . . . . 1 . . . . . . . . . Extermination 2 | . . . . . . . . . 1 . . . . . . . . . . . . . 1 . . . . . Reinforcement 8 | . . . 3 . . . 1 . 1 . 1 . . . . . 1 . . . . . . . . . 1 . Assault . | . . . . . . . . . . . . . . . . . . . . . . . . . . . . . Garrison 1 | . . . . . . . 1 . . . . . . . . . . . . . . . . . . . . . Intercept . | . . . . . . . . . . . . . . . . . . . . . . . . . . . . . Searches Triggered . | . . . . . . . . . . . . . . . . . . . . . . . . . . . . . Construction Impeded . | . . . . . . . . . . . . . . . . . . . . . . . . . . . . . Haulers Reinforced 2 | . . . . . . . . . 1 . 1 . . . . . . . . . . . . . . . . . Active Scanning Responses . | . . . . . . . . . . . . . . . . . . . . . . . . . . . . . Cargo Convoy Interrupts . | . . . . . . . . . . . . . . . . . . . . . . . . . . . . . Stealth | -11 -10 -10 -9 -9 -9 -8 -8 -8 -7 -7 -7 -7 -7 -7 -6 -6 -5 -5 -5 -5 -4 -4 -4 -4 -3 -3 -3 -3 --------- Run | Jun Mat Min Mat Min Exi Min Mat Gar Fac Was Fac Gar Fac Gar Fac Gar Fac Gar Fac Gar Fac Was Fac Gar Res Gar Res Gar Distress Signals 9 | . 1 . 3 . . . 3 . . . 1 . . . . . . . . . . . 1 . . . . . Communications Jammed 43 | . . . . . . . . . . . . . . . . . . . . . . . 21 22 . . . . Distress Signals 43 | . . . . . . . . . . . . . . . . . . . . . . . 21 22 . . . . Times Spotted 421 | . 2 2 25 14 20 9 27 18 10 6 7 30 2 19 2 35 1 39 4 22 2 4 9 27 . 36 4 45 Peak Tracking Total 13 | . 4 2 9 6 9 4 6 7 5 4 3 11 1 5 1 13 1 10 4 7 2 2 7 4 . 8 3 12 Tactical Retreats 19 | . . . . 1 4 4 . 1 . . . 1 . . . 1 . . . . . . . . . 1 . 6 Traps | -11 -10 -10 -9 -9 -9 -8 -8 -8 -7 -7 -7 -7 -7 -7 -6 -6 -5 -5 -5 -5 -4 -4 -4 -4 -3 -3 -3 -3 ------- Run | Jun Mat Min Mat Min Exi Min Mat Gar Fac Was Fac Gar Fac Gar Fac Gar Fac Gar Fac Gar Fac Was Fac Gar Res Gar Res Gar Traps Triggered 33 | . . . . . . . . 4 1 . . 5 . 7 1 2 . 3 . . 1 . . 2 . 7 . . Indirectly . | . . . . . . . . . . . . . . . . . . . . . . . . . . . . . Trap Hack Attempts . | . . . . . . . . . . . . . . . . . . . . . . . . . . . . . Triggered . | . . . . . . . . . . . . . . . . . . . . . . . . . . . . . Disarmed . | . . . . . . . . . . . . . . . . . . . . . . . . . . . . . Reprogrammed 12 | . . . . . . . 6 . 6 . . . . . . . . . . . . . . . . . . . Reused 1 | . . . . . . . 1 . . . . . . . . . . . . . . . . . . . . . Traps Extracted . | . . . . . . . . . . . . . . . . . . . . . . . . . . . . . Installed . | . . . . . . . . . . . . . . . . . . . . . . . . . . . . . Triggered 1 | . . . . . . . 1 . . . . . . . . . . . . . . . . . . . . . Most Traps Carried 3 | . . . . 3 2 . . . . . . . . . . . . . . . . . . . . . . . Exploded 3 | . . . . . 3 . . . . . . . . . . . . . . . . . . . . . . . Machines | -11 -10 -10 -9 -9 -9 -8 -8 -8 -7 -7 -7 -7 -7 -7 -6 -6 -5 -5 -5 -5 -4 -4 -4 -4 -3 -3 -3 -3 ---------- Run | Jun Mat Min Mat Min Exi Min Mat Gar Fac Was Fac Gar Fac Gar Fac Gar Fac Gar Fac Gar Fac Was Fac Gar Res Gar Res Gar Machines Disabled 56 | . . . 3 . 9 . . 3 . . . 6 . 2 . 2 . 4 1 4 4 . 1 4 . 5 . 8 Max in Single Turn 2 | . . . 1 . 2 . . 1 . . . 1 . 1 . 1 . 1 1 2 . . . 1 . 1 . 1 Garrison Relay 30 | . . . . . . . . 3 . . . 5 . 2 . 1 . 4 . 2 . . . 4 . 4 . 5 Machines Repaired . | . . . . . . . . . . . . . . . . . . . . . . . . . . . . . Machines Sabotaged . | . . . . . . . . . . . . . . . . . . . . . . . . . . . . . Overloaded Fab Kills . | . . . . . . . . . . . . . . . . . . . . . . . . . . . . . Hacking | -11 -10 -10 -9 -9 -9 -8 -8 -8 -7 -7 -7 -7 -7 -7 -6 -6 -5 -5 -5 -5 -4 -4 -4 -4 -3 -3 -3 -3 --------- Run | Jun Mat Min Mat Min Exi Min Mat Gar Fac Was Fac Gar Fac Gar Fac Gar Fac Gar Fac Gar Fac Was Fac Gar Res Gar Res Gar Machines Accessed 36 | . . . 3 1 2 . 4 1 3 . 2 . 2 2 2 2 1 1 4 . 1 . 1 . 1 1 2 . Terminals 21 | . . . 3 . . . 3 1 1 . 1 . 1 2 1 2 . 1 3 . . . . . . 1 1 . Fabricators . | . . . . . . . . . . . . . . . . . . . . . . . . . . . . . Repair Stations 1 | . . . . . . . . . 1 . . . . . . . . . . . . . . . . . . . Recycling Units . | . . . . . . . . . . . . . . . . . . . . . . . . . . . . . Scanalyzers 1 | . . . . . . . . . 1 . . . . . . . . . . . . . . . . . . . Garrison Access 10 | . . . . . . . 1 . . . 1 . 1 . 1 . 1 . 1 . 1 . 1 . 1 . 1 . Total Hacks 71 | . . . 4 1 2 . 9 3 10 . 3 . 6 5 5 5 1 3 6 . 2 . 1 . 1 1 3 . Successful 37 | . . . 1 1 2 . 5 . 10 . 1 . 2 . 3 1 1 2 3 . 2 . 1 . 1 . 1 . Failed 34 | . . . 3 . . . 4 3 . . 2 . 4 5 2 4 . 1 3 . . . . . . 1 2 . Catastrophic 3 | . . . . . . . . 1 . . 1 . 1 . . . . . . . . . . . . . . . Database Lockouts . | . . . . . . . . . . . . . . . . . . . . . . . . . . . . . Manual 38 | . . . 3 . 1 . 6 3 . . . . 5 5 4 2 . 2 5 . 1 . . . . . 1 . Terminals 47 | . . . 4 . . . 8 3 2 . 2 . 5 5 3 5 . 3 5 . . . . . . 1 1 . Fabricators . | . . . . . . . . . . . . . . . . . . . . . . . . . . . . . Repair Stations 4 | . . . . . . . . . 4 . . . . . . . . . . . . . . . . . . . Recycling Units . | . . . . . . . . . . . . . . . . . . . . . . . . . . . . . Scanalyzers 4 | . . . . . . . . . 4 . . . . . . . . . . . . . . . . . . . Garrison Access 13 | . . . . . . . 1 . . . 1 . 1 . 2 . 1 . 1 . 2 . 1 . 1 . 2 . Terminal Hacks 11 | . . . 1 1 2 . 1 . 2 . . . 1 . 1 1 . 1 . . . . . . . . . . Record 1 | . . . . . 1 . . . . . . . . . . . . . . . . . . . . . . . Open Door 1 | . . . . 1 . . . . . . . . . . . . . . . . . . . . . . . . Branch Access Points 1 | . . . 1 . . . . . . . . . . . . . . . . . . . . . . . . . Emergency Access Points 1 | . . . . . . . . . . . . . . . . . . 1 . . . . . . . . . . Terminal Index 2 | . . . . . . . . . . . . . 1 . 1 . . . . . . . . . . . . . Garrison Index 1 | . . . . . . . . . 1 . . . . . . . . . . . . . . . . . . . Reprogram Traps 2 | . . . . . . . 1 . 1 . . . . . . . . . . . . . . . . . . . Garrison Registry 1 | . . . . . . . . . . . . . . . . 1 . . . . . . . . . . . . EX-Prototype ID Bank 1 | . . . . . 1 . . . . . . . . . . . . . . . . . . . . . . . Fabricator Hacks . | . . . . . . . . . . . . . . . . . . . . . . . . . . . . . Repair Station Hacks 4 | . . . . . . . . . 4 . . . . . . . . . . . . . . . . . . . Scan Component 2 | . . . . . . . . . 2 . . . . . . . . . . . . . . . . . . . Repair 2 | . . . . . . . . . 2 . . . . . . . . . . . . . . . . . . . Recycling Unit Hacks . | . . . . . . . . . . . . . . . . . . . . . . . . . . . . . Scanalyzer 4 | . . . . . . . . . 4 . . . . . . . . . . . . . . . . . . . Insert Component 1 | . . . . . . . . . 1 . . . . . . . . . . . . . . . . . . . Analyze 3 | . . . . . . . . . 3 . . . . . . . . . . . . . . . . . . . Garrison Access Hacks 10 | . . . . . . . 1 . . . 1 . 1 . 1 . 1 . 1 . 1 . 1 . 1 . 1 . Unlock Access 10 | . . . . . . . 1 . . . 1 . 1 . 1 . 1 . 1 . 1 . 1 . 1 . 1 . Unauthorized Hacks 8 | . . . . . . . 3 . . . . . . . 1 . . 1 2 . 1 . . . . . . . Terminals 7 | . . . . . . . 3 . . . . . . . 1 . . 1 2 . . . . . . . . . Track 1 | . . . . . . . 1 . . . . . . . . . . . . . . . . . . . . . Botnet 3 | . . . . . . . 1 . . . . . . . . . . 1 1 . . . . . . . . . Operators 3 | . . . . . . . 1 . . . . . . . 1 . . . 1 . . . . . . . . . Fabricators . | . . . . . . . . . . . . . . . . . . . . . . . . . . . . . Repair Stations . | . . . . . . . . . . . . . . . . . . . . . . . . . . . . . Recycling Units . | . . . . . . . . . . . . . . . . . . . . . . . . . . . . . Scanalyzers . | . . . . . . . . . . . . . . . . . . . . . . . . . . . . . Garrison Access 1 | . . . . . . . . . . . . . . . . . . . . . 1 . . . . . . . Reprogram 1 | . . . . . . . . . . . . . . . . . . . . . 1 . . . . . . . Data Cores Recovered 1 | . . . . . . . . . . . . . 1 . . . . . . . . . . . . . . . Used 1 | . . . . . . . . . . . . . 1 . . . . . . . . . . . . . . . Hacking Detections 25 | . . . 3 . . . 4 1 2 . 1 . 1 2 2 2 . 1 2 . . . 1 . . 1 2 . Full Trace Events 4 | . . . . . . . . . 1 . 1 . . . . 1 . . 1 . . . . . . . . . Feedback Events 3 | . . . . . . . . . . . 2 . . . . . . . 1 . . . . . . . . . Corruption 2 | . . . . . . . . . . . 1 . . . . . . . 1 . . . . . . . . . Hackware Fried 1 | . . . . . . . . . . . 1 . . . . . . . . . . . . . . . . . Feedback Blocked . | . . . . . . . . . . . . . . . . . . . . . . . . . . . . . Robot Schematics Acquired . | . . . . . . . . . . . . . . . . . . . . . . . . . . . . . Robots Built . | . . . . . . . . . . . . . . . . . . . . . . . . . . . . . Authchips . | . . . . . . . . . . . . . . . . . . . . . . . . . . . . . Time . | . . . . . . . . . . . . . . . . . . . . . . . . . . . . . Total Robot Build Rating . | . . . . . . . . . . . . . . . . . . . . . . . . . . . . . Part Schematics Acquired . | . . . . . . . . . . . . . . . . . . . . . . . . . . . . . Parts Built . | . . . . . . . . . . . . . . . . . . . . . . . . . . . . . Authchips . | . . . . . . . . . . . . . . . . . . . . . . . . . . . . . Time . | . . . . . . . . . . . . . . . . . . . . . . . . . . . . . Total Part Build Rating . | . . . . . . . . . . . . . . . . . . . . . . . . . . . . . Parts Repaired 2 | . . . . . . . . . 2 . . . . . . . . . . . . . . . . . . . Time 115 | . . . . . . . . . 115 . . . . . . . . . . . . . . . . . . . Parts Recycled . | . . . . . . . . . . . . . . . . . . . . . . . . . . . . . Recycled Matter . | . . . . . . . . . . . . . . . . . . . . . . . . . . . . . Retrieved Matter . | . . . . . . . . . . . . . . . . . . . . . . . . . . . . . Retrieved Components . | . . . . . . . . . . . . . . . . . . . . . . . . . . . . . Parts Scanalyzed 1 | . . . . . . . . . 1 . . . . . . . . . . . . . . . . . . . Part Schematics Acquired . | . . . . . . . . . . . . . . . . . . . . . . . . . . . . . Parts Damaged . | . . . . . . . . . . . . . . . . . . . . . . . . . . . . . Bothacking | -11 -10 -10 -9 -9 -9 -8 -8 -8 -7 -7 -7 -7 -7 -7 -6 -6 -5 -5 -5 -5 -4 -4 -4 -4 -3 -3 -3 -3 ------------ Run | Jun Mat Min Mat Min Exi Min Mat Gar Fac Was Fac Gar Fac Gar Fac Gar Fac Gar Fac Gar Fac Was Fac Gar Res Gar Res Gar Used RIF Installer 10 | . . . . . . . . 1 . . . 2 . 1 . 1 . 1 . 1 . . . 1 . 2 . . Command Fork 1 | . . . . . . . . . . . . . . . . . . 1 . . . . . . . . . . Threat Obfuscator 2 | . . . . . . . . . . . . 1 . . . . . . . . . . . 1 . . . . Signal Jammer 1 | . . . . . . . . . . . . . . . . 1 . . . . . . . . . . . . Robot Detection 1 | . . . . . . . . . . . . . . . . . . . . . . . . . . 1 . . Patrol Navigation 1 | . . . . . . . . . . . . . . . . . . . . . . . . . . 1 . . Structural Interface 1 | . . . . . . . . . . . . 1 . . . . . . . . . . . . . . . . Program Shield 1 | . . . . . . . . . . . . . . . . . . . . 1 . . . . . . . . Autooverride 1 | . . . . . . . . . . . . . . 1 . . . . . . . . . . . . . . Robots Hacked 122 | . . . . . . . . 2 . 6 . 5 1 9 1 9 1 16 2 6 2 6 2 13 . 25 3 13 Non-combat 8 | . . . . . . . . . . . . . 1 . . . 1 3 1 . . . . 1 . . 1 . Combat 114 | . . . . . . . . 2 . 6 . 5 . 9 1 9 . 13 1 6 2 6 2 12 . 25 2 13 Autooverrided 25 | . . . . . . . . . . . . . . . . 4 . 1 . 3 . . 1 4 . 8 . 4 Robot Hacks Applied 110 | . . . . . . . . 2 . 11 . 5 1 10 2 5 2 15 3 3 2 8 2 9 . 17 3 10 parse_system 1 | . . . . . . . . . . . . . . . . . . . . . . . . . . . . 1 purge_threat 1 | . . . . . . . . . . . . . . . . . 1 . . . . . . . . . . . block_reporting 1 | . . . . . . . . . . . . . 1 . . . . . . . . . . . . . . . map_route 1 | . . . . . . . . . . . . . . . . . . . 1 . . . . . . . . . mark_security 1 | . . . . . . . . . . . . . . . . . . . 1 . . . . . . . . . relay_feed 1 | . . . . . . . . . . . . . . . . . . 1 . . . . . . . . . . redirect_shields 1 | . . . . . . . . . . . . . . . . . . . . . . . . 1 . . . . ignore_targets 19 | . . . . . . . . . . 11 . . . . . . . . . . . 8 . . . . . . find_garrison 4 | . . . . . . . . . . . . . . . 1 . . . 1 . . . 1 . . . 1 . scatter_targeting 1 | . . . . . . . . . . . . . . . . . . . . . . . . . . 1 . . wipe_record 1 | . . . . . . . . . . . . . . . . . . . . . 1 . . . . . . . reboot_system 3 | . . . . . . . . . . . . . . . . . . 1 . . . . . 1 . 1 . . overwrite_iff 31 | . . . . . . . . . . . . 4 . 5 . 3 . 5 . 2 . . . 4 . 2 . 6 streamctrl_high 1 | . . . . . . . . . . . . . . . . . . 1 . . . . . . . . . . formatsys_low 2 | . . . . . . . . . . . . . . . . . 1 . . . . . . . . . 1 . formatsys_high 41 | . . . . . . . . 2 . . . 1 . 5 1 2 . 7 . 1 1 . 1 3 . 13 1 3 Relay Couplers Released 121 | . . . . . . . . 12 . . . 21 . 10 . 4 . 14 . 8 . . . 18 . 15 . 19 Machine Destruction 117 | . . . . . . . . 12 . . . 21 . 10 . 4 . 14 . 8 . . . 14 . 15 . 19 Programmers 4 | . . . . . . . . . . . . . . . . . . . . . . . . 4 . . . . Attached 69 | . . . . . . . . 2 . 2 . 4 . 8 2 4 1 9 . 7 . . . 6 . 14 . 10 Fabnet Peak Effective % . | . . . . . . . . . . . . . . . . . . . . . . . . . . . . . Robots Rewired 38 | . . . . . . . . . . . . 9 . . . 15 . 1 . . . . . 3 . 10 . . Allies Hacked 4 | . . . . . . . . . . . . 1 . . . . . 1 . . . . 2 . . . . . Hacks Repelled . | . . . . . . . . . . . . . . . . . . . . . . . . . . . . . Allies | -11 -10 -10 -9 -9 -9 -8 -8 -8 -7 -7 -7 -7 -7 -7 -6 -6 -5 -5 -5 -5 -4 -4 -4 -4 -3 -3 -3 -3 -------- Run | Jun Mat Min Mat Min Exi Min Mat Gar Fac Was Fac Gar Fac Gar Fac Gar Fac Gar Fac Gar Fac Was Fac Gar Res Gar Res Gar Total Allies 191 | . . . . 2 . . . 2 . 18 . 14 . 11 1 24 1 16 . 7 1 19 3 17 . 38 3 14 Largest Group 20 | . . . . 2 1 . . 2 . 18 11 9 1 4 2 14 3 6 . 3 3 20 20 9 3 7 3 3 Highest-Rated Group 762 | . . . . 39 31 . . 45 . 444 301 256 32 237 44 375 83 274 . 87 114 740 762 425 136 436 131 135 Highest-Rated Ally 119 | . . . . 31 31 . . 29 . 35 31 32 32 95 32 43 41 119 . 85 56 56 56 56 47 119 48 58 Total Orders 5 | . . . . . . . . . . . . . . . . . . 2 . . . . . . . 2 1 . STAY 2 | . . . . . . . . . . . . . . . . . . 1 . . . . . . . 1 . . FOLLOW 2 | . . . . . . . . . . . . . . . . . . 1 . . . . . . . 1 . . AID 1 | . . . . . . . . . . . . . . . . . . . . . . . . . . . 1 . Ally Attacks 1106 | . . . . . . . . 41 . 124 60 83 2 70 . 137 . 77 . 35 9 53 72 132 . 171 9 31 Total Damage 30882 | . . . . . . . . 1293 . 3284 998 2081 30 1740 . 3830 . 2397 . 665 304 2066 1856 4288 . 4839 351 860 Kills 202 | . . . . . . . . 13 . 11 11 19 1 19 . 30 . 18 . 3 2 3 12 33 . 22 2 3 Allies Corrupted 7 | . . . . . . . . . . . . . . . . . . . . . . . 1 . . 6 . . Allies Melted . | . . . . . . . . . . . . . . . . . . . . . . . . . . . . . Turrets Deployed 1 | . . . . . . . . 1 . . . . . . . . . . . . . . . . . . . . Intel | -11 -10 -10 -9 -9 -9 -8 -8 -8 -7 -7 -7 -7 -7 -7 -6 -6 -5 -5 -5 -5 -4 -4 -4 -4 -3 -3 -3 -3 ------- Run | Jun Mat Min Mat Min Exi Min Mat Gar Fac Was Fac Gar Fac Gar Fac Gar Fac Gar Fac Gar Fac Was Fac Gar Res Gar Res Gar Robot Analysis Total . | . . . . . . . . . . . . . . . . . . . . . . . . . . . . . Derelict Logs Recovered 4 | . . 2 . 2 . . . . . . . . . . . . . . . . . . . . . . . . Drone Launches . | . . . . . . . . . . . . . . . . . . . . . . . . . . . . . Drone Recoveries . | . . . . . . . . . . . . . . . . . . . . . . . . . . . . . Exploration | -11 -10 -10 -9 -9 -9 -8 -8 -8 -7 -7 -7 -7 -7 -7 -6 -6 -5 -5 -5 -5 -4 -4 -4 -4 -3 -3 -3 -3 ------------- Run | Jun Mat Min Mat Min Exi Min Mat Gar Fac Was Fac Gar Fac Gar Fac Gar Fac Gar Fac Gar Fac Was Fac Gar Res Gar Res Gar Turns Passed 21490 | . 154 473 791 507 1430 364 476 1409 998 1067 459 1303 76 1271 340 1052 326 1944 389 611 122 466 366 1386 39 2091 438 1142 Spaces Moved 9256 | 1 81 226 369 290 818 263 181 506 250 520 184 432 30 537 204 442 167 812 161 288 53 183 135 585 17 782 189 550 Core 43 | . . . . . . . 2 . . . . 1 . . . . . . . . . . . . . . . 40 Treads 7549 | . . . 259 290 341 . . 472 250 520 184 270 30 537 204 442 167 812 161 288 53 183 135 585 17 782 189 378 Legs 1524 | 1 81 226 110 . 477 263 179 34 . . . 153 . . . . . . . . . . . . . . . . Wheels . | . . . . . . . . . . . . . . . . . . . . . . . . . . . . . Hover 73 | . . . . . . . . . . . . 8 . . . . . . . . . . . . . . . 65 Flight 67 | . . . . . . . . . . . . . . . . . . . . . . . . . . . . 67 Fastest Speed 37 | 120 120 190 160 160 120 120 120 160 240 160 240 160 240 160 160 160 160 145 225 145 145 225 225 225 225 145 225 37 Average Speed 194 | 120 175 190 172 160 140 120 185 236 240 180 240 236 240 219 160 194 179 201 225 175 196 225 225 225 225 224 225 134 Slowest Speed 1050 | 120 190 190 260 160 240 120 1050 340 240 240 240 1000 240 240 160 240 240 240 225 225 225 225 225 225 225 225 225 225 Overloaded Moves . | . . . . . . . . . . . . . . . . . . . . . . . . . . . . . Propulsion Burnouts . | . . . . . . . . . . . . . . . . . . . . . . . . . . . . . Robots Hopped 2 | . . . . . . . . . . . . . . . . . . . . . . . . . . . . 2 Cave-ins Triggered . | . . . . . . . . . . . . . . . . . . . . . . . . . . . . . Exploration Rate (%) 40 | 2 24 46 45 62 89 63 32 55 9 96 6 52 2 81 7 58 6 91 7 47 3 85 4 72 1 90 5 35 Regions Visited 28 Branch Regions 4 Pre-discovered Areas 3 | . . 1 . 1 1 . . . . . . . . . . . . . . . . . . . . . . . Known Exits Taken 11 | . . . 1 . . 1 1 . . . 1 . 1 . 1 . 1 . 1 . . . 1 . 1 . 1 . Unknown Exits Taken 5 | 1 1 1 . 1 1 . . . . . . . . . . . . . . . . . . . . . . . Scrap Searched 5 | . . 2 . 2 . 1 . . . . . . . . . . . . . . . . . . . . . . Spaces Dug 105 | . . . . 12 . . 11 13 6 . 2 2 . . . . . . 1 . . . . . . . 2 56 Terrain Destroyed 455 | . . . 89 31 3 7 54 13 11 5 2 51 . 6 . . . . 14 71 . 1 . . . 2 2 93 Melee 25 | . . . . . . . 2 13 6 . 2 2 . . . . . . . . . . . . . . . . Projectile 48 | . . . . . 3 7 1 . . . . 8 . . . . . . 1 9 . 1 . . . 2 2 14 AOE 382 | . . . 89 31 . . 51 . 5 5 . 41 . 6 . . . . 13 62 . . . . . . . 79 Terrain Rammed . | . . . . . . . . . . . . . . . . . . . . . . . . . . . . . Walls Destroyed . | . . . . . . . . . . . . . . . . . . . . . . . . . . . . . Machines Disabled . | . . . . . . . . . . . . . . . . . . . . . . . . . . . . . Actions | -11 -10 -10 -9 -9 -9 -8 -8 -8 -7 -7 -7 -7 -7 -7 -6 -6 -5 -5 -5 -5 -4 -4 -4 -4 -3 -3 -3 -3 --------- Run | Jun Mat Min Mat Min Exi Min Mat Gar Fac Was Fac Gar Fac Gar Fac Gar Fac Gar Fac Gar Fac Was Fac Gar Res Gar Res Gar Total 11948 | . 89 254 472 318 992 281 277 661 604 624 197 636 32 609 214 593 192 1065 178 354 70 228 196 650 17 1094 201 850 Wait 1019 | . . 18 14 . 33 . 12 54 317 62 4 1 . 5 1 . 15 91 . 9 6 27 54 4 . 135 3 154 Move 9233 | . 80 225 368 289 817 262 181 504 250 519 184 431 30 536 204 441 167 811 161 287 53 182 135 584 17 781 188 546 Hop 2 | . . . . . . . . . . . . . . . . . . . . . . . . . . . . 2 Pick Up 160 | . 4 2 14 5 25 . 6 24 1 3 2 15 . 6 2 7 2 16 . 2 . 1 2 6 . 10 . 5 Fast Attach 116 | . 2 . 11 . 10 . 2 7 6 3 1 13 . 4 3 4 1 11 . 3 . . . 3 . 15 . 17 Attach 64 | . . . 7 . 3 . 6 5 1 1 . 8 . 3 1 2 2 9 . 1 2 . . 1 . 5 . 7 Detach 8 | . . . . . . . . 1 . . . 3 . . . . . 3 . . . . . . . . . 1 Swap 71 | . . 1 1 3 . . 7 4 1 4 1 6 . 5 1 3 1 7 3 7 . . . 5 . 3 1 7 Drop 167 | . 1 . 17 6 23 . 2 13 2 9 2 22 . 7 . 4 1 23 1 3 1 . . 5 . 12 1 12 Fire 705 | . 2 8 38 15 81 19 54 4 3 13 . 57 2 29 2 46 3 74 13 42 8 18 4 17 . 50 8 95 Melee 96 | . . . . . . . 2 35 23 10 3 14 . . . 1 . 8 . . . . . . . . . . Ram . | . . . . . . . . . . . . . . . . . . . . . . . . . . . . . Kick 5 | . . . . . . . 5 . . . . . . . . . . . . . . . . . . . . . Crush 14 | . . . 2 . . . . . . . . . . . . 4 . 4 . . . . 1 . . 3 . . Escape Stasis 48 | . . . . . . . . 8 . . . 6 . 14 . 4 . 6 . . . . . 4 . 6 . . Rewire 240 | . . . . . . . . 2 . . . 60 . . . 77 . 2 . . . . . 21 . 74 . 4 Trap . | . . . . . . . . . . . . . . . . . . . . . . . . . . . . . Miscellaneous . | . . . . . . . . . . . . . . . . . . . . . . . . . . . . . Route ------- -11/Junkyard -10/Materials -10/Mines -9/Materials (discovered 3 exits: *Mat / *Min / *Sto) -9/Mines (discovered 2 exits: *Mat / *Exi) -9/Exiles -8/Mines -8/Materials (discovered 2 exits: *Fac / Gar) -8/Garrison (discovered 2 exits: *Fac x2) -7/Factory -7/Waste -7/Factory (discovered 2 exits: *Fac / Gar) -7/Garrison -7/Factory -7/Garrison (discovered 3 exits: *Fac x3) -6/Factory -6/Garrison (discovered 3 exits: *Fac x3) -5/Factory -5/Garrison (discovered 3 exits: *Fac x3) -5/Factory -5/Garrison -4/Factory -4/Waste -4/Factory -4/Garrison (discovered 2 exits: *Res x2) -3/Research -3/Garrison (discovered 3 exits: *Res x3) -3/Research -3/Garrison History --------- Turn | Location | Event 1 | -11/Junkyard | Discovered new exit (range 0) 1 | -11/Junkyard | Entered Materials 138 | -10/Materials | Discovered new exit (range 6) 155 | -10/Materials | Entered Mines 161 | -10/Mines | Learned Materials trap positions 162 | -10/Mines | Received a Rocket Launcher from a helpful Derelict 310 | -10/Mines | Build established: Mutant 333 | -10/Mines | Learned location of 1 exit from Materials 351 | -10/Mines | Learned location of Storage (-9) 585 | -10/Mines | Discovered new exit (range 9) 628 | -10/Mines | Entered Materials 628 | -9/Materials | Evolved 2 slots: Utility x2 629 | -9/Materials | Identified exit to Materials 630 | -9/Materials | Loaded intel: 22 trap records 798 | -9/Materials | Destroyed 10 combat bots 1102 | -9/Materials | Discovered new exit (range 14) 1275 | -9/Materials | Identified exit to Mines 1275 | -9/Materials | Identified exit to Storage 1419 | -9/Materials | Entered Mines 1475 | -9/Mines | Destroyed 9 combat bots 1600 | -9/Mines | Found a hidden stash of uninstalled traps 1682 | -9/Mines | Discovered exit to Materials (range 5) 1712 | -9/Mines | Learned Materials terminal intel 1715 | -9/Mines | Met a Derelict shopkeep closing up shop 1840 | -9/Mines | Learned location of Zion (-7) 1920 | -9/Mines | Deemed a non-threat by the Exiles lab entrance 1920 | -9/Mines | Discovered new exit (range 5) 1926 | -9/Mines | Entered Exiles 1926 | -9/Exiles | Accompanied by 1 ally 1956 | -9/Exiles | Led the pair of lost Derelicts to a safe place 1965 | -9/Exiles | Met 8R-AWN 1994 | -9/Exiles | Met EX-HEX 2214 | -9/Exiles | Met EX-BIN 2257 | -9/Exiles | Aligned with FarCom system 2259 | -9/Exiles | Given EX-Vault access code 2297 | -9/Exiles | Opened EX-Vault 2308 | -9/Exiles | Found Modified TNC 2314 | -9/Exiles | Found PSU Rigger 2317 | -9/Exiles | Found Chronowheel 2350 | -9/Exiles | Warned to stay clear of 0b10 Research branches 2413 | -9/Exiles | Met EX-DEC 2430 | -9/Exiles | Attacked by the Exiles 2557 | -9/Exiles | Core integrity fell below 50% 2601 | -9/Exiles | Destroyed 8R-AWN 2612 | -9/Exiles | Lost 4 parts (1p1n2u) 2621 | -9/Exiles | Found Prototype Ballistic Gun 2621 | -9/Exiles | Identified 8R-AWN's Boregun 2758 | -9/Exiles | Destroyed EX-BIN 2847 | -9/Exiles | Destroyed EX-DEC 2871 | -9/Exiles | Destroyed EX-HEX 2918 | -9/Exiles | Build established: Scavenger-Mutant 3063 | -9/Exiles | Found Prototype Processor 3213 | -9/Exiles | Found Deploy-a-Sentry 3344 | -9/Exiles | Discovered new exit (range 11) 3356 | -9/Exiles | Stole four prototypes: Modified TNC, PSU Rigger, Chronowheel, Deploy-a-Sentry 3356 | -9/Exiles | Entered Mines 3469 | -8/Mines | Core integrity fell below 20% 3693 | -8/Mines | Discovered exit to Materials (range 10) 3720 | -8/Mines | Entered Materials 3720 | -8/Materials | Evolved 2 slots: Utility x2 3721 | -8/Materials | Loaded intel: 12 terminal locations 3973 | -8/Materials | Discovered new exit (range 10) 4099 | -8/Materials | Garrison activated, responded to threat 4129 | -8/Materials | Core integrity fell below 50% 4168 | -8/Materials | Lost 4 parts (2n2w) 4196 | -8/Materials | Identified exit to Garrison 4196 | -8/Materials | Entered Garrison 4220 | -8/Garrison | Installed Relay Interface Framework 4298 | -8/Garrison | Core integrity fell below 20% 4614 | -8/Garrison | Triggered checkpoint 4639 | -8/Garrison | Garrison Relay disabled 4764 | -8/Garrison | DAS Turret deployed 4786 | -8/Garrison | Triggered checkpoint 4800 | -8/Garrison | Triggered checkpoint 4960 | -8/Garrison | Triggered checkpoint 5020 | -8/Garrison | Triggered checkpoint 5108 | -8/Garrison | Garrison Relay disabled 5148 | -8/Garrison | Discovered new exit (range 8) 5452 | -8/Garrison | Garrison Relay disabled 5531 | -8/Garrison | Discovered new exit (range 12) 5605 | -8/Garrison | Entered Factory 5605 | -7/Factory | Evolved 2 slots: Utility x2 5754 | -7/Factory | Build established: Bothacker-Mutant 6266 | -7/Factory | Repaired Exp. Heat Sink 6293 | -7/Factory | Repaired Lgt. Treads 6603 | -7/Factory | Sucked down chute 6603 | -7/Factory | Entered Waste 6654 | -7/Waste | Spotted C-40 Crusher 6654 | -7/Waste | Spotted C-40 Crusher 6689 | -7/Waste | Spotted C-40 Crusher 6689 | -7/Waste | Spotted C-40 Crusher 6717 | -7/Waste | Spotted C-40 Crusher 6727 | -7/Waste | Spotted C-40 Crusher 6929 | -7/Waste | Discovered new exit (range 11) 7011 | -7/Waste | Warlord forces began an assault 7013 | -7/Waste | Allies destroyed C-40 Crusher 7023 | -7/Waste | Allies destroyed C-40 Crusher 7042 | -7/Waste | Allies destroyed C-40 Crusher 7130 | -7/Waste | Allies destroyed C-40 Crusher 7335 | -7/Waste | Found Damper Plating 7670 | -7/Waste | Entered Factory 7670 | -7/Factory | Accompanied by 11 allies 7672 | -7/Factory | Discovered new exit (range 11) 7812 | -7/Factory | EX Chip 1 fried by hacking feedback 8125 | -7/Factory | Identified exit to Garrison 8129 | -7/Factory | Entered Garrison 8129 | -7/Garrison | Accompanied by 9 allies 8170 | -7/Garrison | Triggered checkpoint 8243 | -7/Garrison | Expanded RIF knowledge: Structural Interface 8344 | -7/Garrison | Triggered checkpoint 8444 | -7/Garrison | Garrison Relay disabled 8477 | -7/Garrison | Identified Exp. Targeting Computer 8612 | -7/Garrison | Triggered checkpoint 8643 | -7/Garrison | Garrison Relay disabled 8835 | -7/Garrison | Triggered checkpoint 8847 | -7/Garrison | Core integrity fell below 50% 8877 | -7/Garrison | Lost 3 parts (1p1n1u) 9081 | -7/Garrison | Discovered new exit (range 10) 9128 | -7/Garrison | Garrison Relay disabled 9130 | -7/Garrison | Triggered checkpoint 9160 | -7/Garrison | Triggered checkpoint 9177 | -7/Garrison | Expanded RIF knowledge: Threat Obfuscation 9208 | -7/Garrison | Core integrity fell below 20% 9219 | -7/Garrison | Garrison Relay disabled 9242 | -7/Garrison | Garrison Relay disabled 9255 | -7/Garrison | Lost 4 parts (1p1n2w) 9432 | -7/Garrison | Entered Factory 9432 | -7/Factory | Accompanied by 1 ally 9508 | -7/Factory | Identified exit to Garrison 9508 | -7/Factory | Entered Garrison 9508 | -7/Garrison | Accompanied by 1 ally 9669 | -7/Garrison | Garrison Relay disabled 9684 | -7/Garrison | Triggered checkpoint 9793 | -7/Garrison | Triggered checkpoint 9799 | -7/Garrison | Triggered checkpoint 9812 | -7/Garrison | Triggered checkpoint 9929 | -7/Garrison | Discovered new exit (range 12) 9940 | -7/Garrison | Found embedded Infiltrators 10088 | -7/Garrison | Triggered checkpoint 10113 | -7/Garrison | Garrison Relay disabled 10434 | -7/Garrison | Discovered new exit (range 11) 10522 | -7/Garrison | Triggered checkpoint 10552 | -7/Garrison | System corruption reached 10% 10664 | -7/Garrison | Discovered new exit (range 15) 10676 | -7/Garrison | Triggered checkpoint 10746 | -7/Garrison | Expanded RIF knowledge: Autooverride 10779 | -7/Garrison | Entered Factory 10779 | -6/Factory | Accompanied by 1 ally 10779 | -6/Factory | Evolved 2 slots: Utility x2 11044 | -6/Factory | Build established: Botlord-Mutant 11119 | -6/Factory | Identified exit to Garrison 11119 | -6/Factory | Entered Garrison 11119 | -6/Garrison | Accompanied by 1 ally 11390 | -6/Garrison | Triggered checkpoint 11772 | -6/Garrison | Triggered checkpoint 11780 | -6/Garrison | Triggered checkpoint 11784 | -6/Garrison | Triggered checkpoint 11895 | -6/Garrison | Discovered new exit (range 80) 11895 | -6/Garrison | Discovered new exit (range 84) 11895 | -6/Garrison | Discovered new exit (range 24) 12000 | -6/Garrison | Expanded RIF knowledge: Signal Jamming 12035 | -6/Garrison | Garrison Relay disabled 12099 | -6/Garrison | Found Unknown Hackware 12102 | -6/Garrison | Found Unknown Hackware 12106 | -6/Garrison | Found Unknown Hackware 12171 | -6/Garrison | Entered Factory 12171 | -5/Factory | Accompanied by 2 allies 12171 | -5/Factory | Evolved 2 slots: Utility x2 12497 | -5/Factory | Identified exit to Garrison 12497 | -5/Factory | Entered Garrison 12497 | -5/Garrison | Accompanied by 3 allies 12708 | -5/Garrison | Triggered checkpoint 12760 | -5/Garrison | Garrison Relay disabled 12878 | -5/Garrison | Triggered checkpoint 12891 | -5/Garrison | Triggered checkpoint 13020 | -5/Garrison | Triggered checkpoint 13052 | -5/Garrison | Expanded RIF knowledge: Command Fork 13085 | -5/Garrison | Garrison Relay disabled 13126 | -5/Garrison | Discovered new exit (range 19) 13171 | -5/Garrison | Rewired Executioner 13380 | -5/Garrison | Spotted B-75 Beast 13386 | -5/Garrison | Assimilated Beast 6a with formatsys_high 13460 | -5/Garrison | Found Fusion Bomb Launcher 13576 | -5/Garrison | Discovered new exit (range 17) 13706 | -5/Garrison | Triggered checkpoint 13713 | -5/Garrison | Garrison Relay disabled 13914 | -5/Garrison | Triggered checkpoint 14062 | -5/Garrison | Triggered checkpoint 14156 | -5/Garrison | Discovered new exit (range 12) 14335 | -5/Garrison | Garrison Relay disabled 14398 | -5/Garrison | Destroyed Beast 6a 14441 | -5/Garrison | Entered Factory 14830 | -5/Factory | Identified exit to Garrison 14830 | -5/Factory | Entered Garrison 15017 | -5/Garrison | Garrison Relay disabled 15115 | -5/Garrison | Triggered checkpoint 15115 | -5/Garrison | Triggered checkpoint 15119 | -5/Garrison | Spotted B-75 Beast 15131 | -5/Garrison | Triggered checkpoint 15163 | -5/Garrison | Destroyed B-75 Beast 15184 | -5/Garrison | Destroyed 18 combat bots 15222 | -5/Garrison | Triggered checkpoint 15228 | -5/Garrison | Garrison Relay disabled 15393 | -5/Garrison | Discovered new exit (range 15) 15425 | -5/Garrison | Expanded RIF knowledge: Program Shield 15441 | -5/Garrison | Entered Factory 15441 | -4/Factory | Accompanied by 2 allies 15441 | -4/Factory | Evolved 2 slots: Utility x2 15453 | -4/Factory | Identified exit to Garrison 15563 | -4/Factory | Sucked down chute 15563 | -4/Factory | Entered Waste 15581 | -4/Waste | Spotted C-40 Crusher 15584 | -4/Waste | Spotted C-40 Crusher 15600 | -4/Waste | 2 allies followed down the chute 15645 | -4/Waste | Spotted C-40 Crusher 15665 | -4/Waste | Allies destroyed C-40 Crusher 15697 | -4/Waste | Destroyed C-40 Crusher 15699 | -4/Waste | Spotted C-40 Crusher 15706 | -4/Waste | Destroyed C-40 Crusher 15708 | -4/Waste | Spotted C-40 Crusher 15716 | -4/Waste | Spotted C-40 Crusher 15739 | -4/Waste | Destroyed C-40 Crusher 15793 | -4/Waste | Destroyed C-40 Crusher 15822 | -4/Waste | Discovered new exit (range 19) 15847 | -4/Waste | Allies destroyed C-40 Crusher 15932 | -4/Waste | Warlord forces began an assault 16029 | -4/Waste | Entered Factory 16029 | -4/Factory | Accompanied by 20 allies 16395 | -4/Factory | Identified exit to Garrison 16395 | -4/Factory | Entered Garrison 16395 | -4/Garrison | Accompanied by 8 allies 16456 | -4/Garrison | Triggered checkpoint 16615 | -4/Garrison | Garrison Relay disabled 16700 | -4/Garrison | Triggered checkpoint 16714 | -4/Garrison | Triggered checkpoint 16728 | -4/Garrison | Triggered checkpoint 16831 | -4/Garrison | Garrison Relay disabled 16887 | -4/Garrison | Spotted Executioner 16887 | -4/Garrison | Spotted Executioner 16910 | -4/Garrison | Discovered new exit (range 11) 16922 | -4/Garrison | Triggered checkpoint 16954 | -4/Garrison | Triggered checkpoint 16957 | -4/Garrison | Garrison Relay disabled 17210 | -4/Garrison | Triggered checkpoint 17236 | -4/Garrison | Triggered checkpoint 17258 | -4/Garrison | Garrison Relay disabled 17548 | -4/Garrison | Triggered checkpoint 17579 | -4/Garrison | Discovered new exit (range 12) 17613 | -4/Garrison | Expanded RIF knowledge: Threat Obfuscation 17781 | -4/Garrison | Entered Research 17781 | -3/Research | Accompanied by 3 allies 17781 | -3/Research | Evolved 2 slots: Utility x2 17820 | -3/Research | Identified exit to Garrison 17820 | -3/Research | Entered Garrison 17820 | -3/Garrison | Accompanied by 3 allies 17860 | -3/Garrison | Triggered checkpoint 18084 | -3/Garrison | Triggered checkpoint 18116 | -3/Garrison | Triggered checkpoint 18140 | -3/Garrison | Triggered checkpoint 18292 | -3/Garrison | Garrison Relay disabled 18392 | -3/Garrison | Spotted B-86 Titan 18398 | -3/Garrison | Triggered checkpoint 18420 | -3/Garrison | Triggered checkpoint 18422 | -3/Garrison | Destroyed B-86 Titan 18478 | -3/Garrison | Triggered checkpoint 18565 | -3/Garrison | Discovered new exit (range 12) 18583 | -3/Garrison | Expanded RIF knowledge: Patrol Navigation 18622 | -3/Garrison | Triggered checkpoint 18638 | -3/Garrison | Garrison Relay disabled 18823 | -3/Garrison | Expanded RIF knowledge: Robot Detection 19059 | -3/Garrison | Discovered new exit (range 9) 19166 | -3/Garrison | Triggered checkpoint 19190 | -3/Garrison | Garrison Relay disabled 19409 | -3/Garrison | Discovered new exit (range 10) 19483 | -3/Garrison | Rewired Executioner 19538 | -3/Garrison | Triggered checkpoint 19570 | -3/Garrison | Garrison Relay disabled 19705 | -3/Garrison | Spotted B-86 Titan 19722 | -3/Garrison | Destroyed B-86 Titan 19769 | -3/Garrison | Found Hvy. Reflective Plating 19782 | -3/Garrison | Found Unknown Device 19782 | -3/Garrison | Identified Antimissile System 19809 | -3/Garrison | Found Prototype Device 19809 | -3/Garrison | Identified Adv. Kinecellerator 19844 | -3/Garrison | Found Unknown Hackware 19847 | -3/Garrison | Found Unknown Hackware 19850 | -3/Garrison | Found Unknown Hackware 19854 | -3/Garrison | Found Unknown Hackware 19911 | -3/Garrison | Entered Research 20281 | -3/Research | Identified exit to Garrison 20349 | -3/Research | Entered Garrison 20349 | -3/Garrison | Accompanied by 1 ally 20420 | -3/Garrison | Triggered checkpoint 20468 | -3/Garrison | Garrison Relay disabled 20516 | -3/Garrison | Q-Series assembled to engage unique threat in Research 20541 | -3/Garrison | Identified Relay Coupler [Proto] (x7) 20680 | -3/Garrison | Garrison Relay disabled 20682 | -3/Garrison | Garrison Relay disabled 20692 | -3/Garrison | Garrison Relay disabled 20731 | -3/Garrison | Garrison Relay disabled 20773 | -3/Garrison | Triggered checkpoint 20834 | -3/Garrison | Spotted B-86 Titan 20869 | -3/Garrison | Triggered checkpoint 20914 | -3/Garrison | Lost 6 parts (1n3u2w) 21080 | -3/Garrison | Q-Series assembled to engage unique threat in Research 21175 | -3/Garrison | Triggered checkpoint 21309 | -3/Garrison | Core integrity fell below 50% 21339 | -3/Garrison | Lost 6 parts (1n4u1w) 21474 | -3/Garrison | Triggered checkpoint 21486 | -3/Garrison | Core integrity fell below 20% 21491 | -3/Garrison | Destroyed by S-43 Plague with Heavy Machine Gun Last Messages --------------- 21429_ Dropped Plasma Rifle. 21434_ Acquired Adv. Remote Datajack. 21455_ Relay Coupler [Specialist] destroyed. 21456_ Acquired 15 matter. 21457_ Adv. Heat Sink destroyed. 21458_ Mic. Antimatter Reactor destroyed. 21460_ RIF reveals location of phase wall. 21461_ Imp. Antigrav System destroyed. 21463_ RIF reveals location of phase wall. 21473_ IY%11JWE EBHTFJA 4MYCGY0=1<, 21474_ Beams of light sweep through the air. An alarm sounds. 21474_ RIF reveals location of phase wall. 21476_ Relay Coupler [Duelist] destroyed. 21483_ Relay Coupler [Sentry] destroyed. 21487_ Relay Coupler [Duelist] destroyed. 21487_ S-43 Plague destroyed. 21488_ Relay Coupler [Specialist] destroyed. 21488_ Relay Coupler [Grunt] destroyed. 21489_ System corrupted: Heat flow error (+267). 21489_ Relay Coupler [Hunter] destroyed. Map ----- +----------------------------------------------------+ | ??????????????????????????????????????????? | | ??????????????????????????????????????????? | | ??????????????????????????????????????????? | | ??????????????????????????????????????????? | | ??????????????????????????????????????????? | | ??????????????????????????????????????????? | | ??????????????????????????????????????????? | | ??????????????????????????????????????????? | | ??????????????????????????????????????????? | | ??????????????????????????????????????????? | | ??????????????????????????????????????????? | | ??????????????????????????????????????????# | | ??????????????????????????????????????????# | | ?????????????????????????????????????????? | | ?????????????????????????????????????????? | | ??????????????????????????????????????????# | | ????????????????????????????????????????### | | ????????????????????????????????????????# | | ????????????????????????????????????????# | | ????????????????????????????????????????# | | ????????????????????????????????????????? | | ??????????????????????????????????????????# | | ??????????????????????????????????????????# | | ???????????????#######???????????????###??# | | ???????????????#"""""#???????????????# ??+ | | ???????????????##s@%##############???# #??# | | ???????????????+ ssssss #???# #??# | | ???????????????########### ### #???# #??? | | ?????????????????????????# #?# ##### #### | | ?????????????????????????##+##?# / | | ??????????????????????????# #??# ##### #### | | ??????????????????????????# #??# #???# #??? | | ??????????????????????????# #??# #???# #??? | | ??????????????????????????# #??# #???#+#??? | | ?????????????????????????? +?? ????????? | | ??????????????????????????###?? ????????? | | ???????????????????????????????###????????? | | ??????????????????????????????????????????? | | ??????????????????????????????????????????? | | ??????????????????????????????????????????? | | ??????????????????????????????????????????? | | ??????????????????????????????????????????? | | ??????????????????????????????????????????? | | ??????????????????????????????????????????? | | ??????????????????????????????????????????? | | ??????????????????????????????????????????? | | ??????????????????????????????????????????? | | ??????????????????????????????????????????? | | ??????????????????????????????????????????? | | ??????????????????????????????????????????? | +----------------------------------------------------+ Best States ------------- Heat Dissipation 84 Energy Generation 29 Energy Capacity 350 Matter Stores 300 Matter Capacity 300 Sight Range 20 Terrain Scan Density 10 Additional Mass Support 12 Armor Coverage 1600 Resistance: TH 25 Resistance: EM 90 Weapon Cycling 25 Evasion (%) 62 Targeting Accuracy 8 Target Analysis 12 Core Analysis 6 Armor Integrity Analysis 40 Recoil Reduction 2 Kinecelleration 50 Offensive Hacking 24 Defensive Hacking 10 Relay Coupler Types 9 Relay Coupler Value 396 Item Schematics ----------------- None Robot Schematics ------------------ None Fabricated ------------ Nothing Alien Tech Used ----------------- None Achievements -------------- None Challenges ------------ None Game ------ Seed CarbideModifiedRecalibrator Manual? 0 Play Time 02:40:45 Cumulative 418.0 hours Start 2023.04.27 @ 10:34:21 End 2023.04.27 @ 15:34:24 Sessions 3 Manual Loads 0 Difficulty Rogue Special Mode None Game No. 452 Rogue 452 Adventurer 0 Explorer 0 Win Type - Total 12 Types 8/0/3/1/0/0/0/0/0 Lore% 82 Gallery% 90 Achievement% 80 Wizard Run 0 Options --------- ASCII 0 Keyboard 0 Movement Numpad Keybinds 0 Fullscreen 1 Font 18/Terminus Map View 76x50 Tactical HUD 1 Map Filters NONE Filters NONE Steam 1 RUN: 5f581005-8eab-49b3-833d-0b7dd6b27cdd